 Dungeon Crawl Stone Soup version 0.32-a0-975-g85d4e5bfdb (webtiles) character file.

Game seed: 8314890716858576931

890 ezpacito the Trooper (level 8, -2/54 HPs)
             Began as a Coglin Chaos Knight on Apr 19, 2024.
             Was a Plaything of Xom.
             Slain by a gnoll sergeant
             ... wielding a +1 heavy spear
              (8 damage)
             ... on level 5 of the Dungeon.
             The game lasted 00:07:32 (3858 turns).

ezpacito the Trooper (Coglin Chaos Knight)          Turns: 3858, Time: 00:07:33

Health: -2/54      AC:  9    Str: 17    XL:     8   Next: 6%
Magic:  11/11      EV: 12    Int:  4    God:    Xom [*.....]
Gold:   294        SH:  0    Dex: 21    Spells: 3/10 levels left

rFire   . . .        a - +0 hand axe (chaos) {Rabi}
rCold   . . .        b - +3 spear (heavy) {Paramjit}
rNeg    . . .        l - +2 leather armour of Beogh's Supremacy {rPois rCorr Int-2}
rPois   +            d - +0 helmet
rElec   .            n - +0 cloak
rCorr   +            (no gloves)
SInv    .            (no boots)
Will    .....        (amulet unavailable)
Stlth   ++           (ring unavailable)
HPRegen 0.29/turn    (ring unavailable)
MPRegen 0.12/turn    (no gizmo)

%: no passive effects
@: attractive, revving
A: off-hand wielding, slow wielding, warmup strikes, no jewellery, iridescent
scales 1, agile 2, dopey 1, frail 1, high MP 1, strong 1
a: Invent Gizmo, Renounce Religion


You were on level 5 of the Dungeon.
You worshipped Xom.
You were a special plaything of Xom.
You visited 2 branches of the dungeon, and saw 6 of its levels.
You also visited: Sewer.

You collected 294 gold pieces.

Inventory:

Hand Weapons
 a - a +0 hand axe of chaos (weapon) {Rabi}
 b - a +3 heavy spear (offhand) {Paramjit}
 j - a +0 war axe
 o - a +0 arbalest
Missiles
 c - a throwing net (quivered)
Armour
 d - a +0 helmet (worn)
 l - the +2 leather armour of Beogh's Supremacy (worn) {rPois rCorr Int-2}
   (You found it on level 3 of the Dungeon)

   Int-2:     It affects your intelligence (-2).
   rPois:     It protects you from poison.
   rCorr:     It protects you from acid and corrosion.
 n - a +0 cloak (worn)
 p - a +0 troll leather armour {Pargi}
 v - a +2 ring mail of cold resistance
Talismans
 q - a dragon-blood talisman
Wands
 u - a wand of flame (30)
Scrolls
 e - 2 scrolls of acquirement
 f - 3 scrolls of amnesia
 h - 2 scrolls of fog
 k - a scroll of revelation
 t - 3 scrolls of teleportation
 w - 2 scrolls of immolation
Potions
 r - 3 potions of magic


   Skills:
 * Level 4.5 Fighting
 * Level 4.4(5.0) Axes
 * Level 2.8(3.9) Polearms
 * Level 3.4 Armour
 * Level 3.3 Dodging
 + Level 2.1 Stealth
 + Level 1.7 Spellcasting
 + Level 0.0 Translocations
 + Level 1.2 Alchemy
 + Level 1.5 Evocations
 + Level 0.1 Shapeshifting


You had 3 spell levels left.
You knew the following spells:

 Your Spells              Type           Power      Damage    Failure   Level
a - Alistair's Intoxicat  Alch           0%         N/A       100%        5
b - Magic Dart            Conj           0%         1d3       50%         1
g - Apportation           Tloc           0%         N/A       50%         1

Your spell library contained the following spells:

 Spells                   Type           Power      Damage    Failure   Level
 Shock                    Conj/Air       0%         1d3       50%         1
 Jinxbite                 Hex            0%         N/A       65%         2
 Maxwell's Portable Pile  Tloc           0%         2d(5-13)  86%         3
 Swiftness                Air            0%         N/A       86%         3
 Airstrike                Air            0%         2d(0-16)  99%         4
 Iskenderun's Mystic Bla Conj/Tloc 0%             2d3        (+2d1     99%         4
 Vhi's Electric Charge    Tloc/Air       0%         N/A       99%         4
 Arcjolt                  Conj/Air       0%         1d10      100%        5
 Plasma Beam              Fire/Air       0%         2x1d10    100%        6
 Magnavolt                Erth/Air       0%         3d9       100%        7
 Spellforged Servitor     Conj/Summ      0%         N/A       100%        7
 Fulsome Fusillade        Conj/Alch      0%         (3-5)d4   100%        8
 Maxwell's Capacitive Co  Air            0%         ∞         100%        8


Dungeon Overview and Level Annotations

Branches:
Dungeon (5/15)             Temple (1/1) D:4           Sewer (visited)

Altars:
Ashenzari
Cheibriados
Dithmenos
Fedhas
Gozag
Kikubaaqudgha
Makhleb
Nemelex Xobeh
Qazlal
Ru
Sif Muna
Trog
Vehumet
Wu Jian
The Shining One


Innate Abilities, Weirdness & Mutations

You can wield a second weapon in your off-hand.
It takes a long time for you to wield or remove held weapons.
Your first few attacks do less damage.
You cannot equip rings or amulets.
You are partially covered in iridescent scales. (AC +2)
You are very agile. (Dex +8, Str/Int -2)
You are dopey. (Int -2)
You are frail. (-10% HP)
You have an increased reservoir of magic. (+10% MP)
Your muscles are strong. (Str +4, Int/Dex -1)


Message History

The gnoll sergeant is heavily wounded.
You are now a special plaything of Xom.
The gnoll sergeant barely misses you.
Hit: a) +0 hand axe (chaos) {Rabi}
Press: ? - help, Dir - move target, f/p - gnoll sergeant
Aim: a gnoll sergeant, wielding a +1 heavy spear, wearing a +0 ring mail and wearing a +0 kite shield (heavily wounded, about 24% to evade your +0 hand axe of chaos)
You reach to attack!
You hit the gnoll sergeant but do no damage.
The gnoll sergeant hits you from afar with a +1 heavy spear!
You take 11 damage, and have 21/54 hp.
MASSIVE DAMAGE!!
It was a potion of attraction.
You feel attractive to monsters.
Xom roars with laughter!
The gnoll sergeant is attracted toward you.
The gnoll is attracted toward you. Something is attracted toward you.
You hit the gnoll sergeant but do no damage.
The gnoll sergeant is heavily wounded.
You barely miss the gnoll sergeant with your +0 hand axe of chaos.
The gnoll sergeant barely misses you.
The gnoll hits you from afar with a +3 spear.
You take 3 damage, and have 19/54 hp.
You are too injured to fight recklessly!
Okay, then.
Aiming: Throw Flame
Press: ? - help, Shift-Dir - straight line, f - gnoll, p - gnoll sergeant
Aim: a gnoll, wielding a +0 halberd (translocational energy, 75% to hit)
The puff of flame hits the gnoll sergeant.
The gnoll sergeant is heavily wounded.
The gnoll barely misses you.
The gnoll sergeant hits you with a +1 heavy spear!
* * * LOW HITPOINT WARNING * * *
You take 9 damage, and have 10/54 hp.
The gnoll sergeant blocks your attack.
The gnoll sergeant is heavily wounded.
You hit the gnoll sergeant with your +3 heavy spear.
The gnoll hits you from afar with a +3 spear.
* * * LOW HITPOINT WARNING * * *
The gnoll sergeant hits you with a +1 heavy spear!
You die...
Xom is highly amused!

g..# #. #..# #.
#..## #.## ... #...
.g. ##..###h#
#.....#g# #.....#g#
##+##
#.....@.###...##
#.....####.....##
#.....###..)....##
##...####...).....#
#.......+.........+
##...####.........#
####..#####.......##
#.......####.....##
#.###.#.........##


You could see a gnoll sergeant, a hound and 2 gnolls.

Vanquished Creatures
  Pargi (Sewer)
  A brain worm (Sewer)
  A scorpion (D:4)
  The ghost of Anchor the Chiller, a weakling DEIE (D:3)
  An orc priest (D:5)
  2 hounds
  3 gnoll boudas
  Crazy Yiuf (D:4)
  Jessica (D:2)
  3 iguanas
  13 gnolls
  9 adders
  2 ribbon worms
  A dart slug (D:4)
  7 orcs
  7 endoplasms
  7 giant cockroaches
  9 goblins
  7 hobgoblins
  11 jackals
  5 quokkas
  11 ball pythons
  2 bats (D:2)
  5 frilled lizards
  9 kobolds
  5 rats
125 creatures vanquished.

Notes
Turn   | Place    | Note
-------+----------+-------------------------------------------
     0 | D:1      | ezpacito the Coglin Chaos Knight began the quest for the
                  | Orb.
     0 | D:1      | Reached XP level 1. HP: 18/18 MP: 1/1
    50 | D:1      | Reached skill level 1 in Dodging
   158 | D:1      | Reached XP level 2. HP: 24/24 MP: 2/2
   194 | D:1      | XOM: silly message
   398 | D:1      | XOM: torment (13/24 hp)
   531 | D:1      | Reached XP level 3. HP: 29/29 MP: 3/3
   856 | D:2      | XOM: 4-stop teleportation journey
   904 | D:2      | Found a faded altar of an unknown god.
   995 | D:2      | Reached skill level 1 in Polearms
  1214 | D:2      | XOM: give mutations
  1214 | D:2      | Gained mutation: You passively dampen the noise of your
                  | surroundings. [Xom's grace]
  1214 | D:2      | Gained mutation: Your muscles are strong. (Str +4, Int/Dex
                  | -1) [Xom's grace]
  1216 | D:2      | Noticed Jessica
  1221 | D:2      | Reached XP level 4. HP: 35/35 MP: 4/4
  1223 | D:2      | Killed Jessica
  1253 | D:2      | XOM: scenery: summon butterflies
  1576 | D:2      | Reached skill level 1 in Stealth
  1616 | D:3      | XOM: god gift: scroll labelled TIRYKI IDAS {god gift}
  1668 | D:3      | XOM: god gift: arbalest {god gift}
  1724 | D:3      | Found a glowing drain.
  1733 | D:3      | Reached XP level 5. HP: 41/41 MP: 5/5
  1780 | Sewer    | Entered a sewer
  1857 | Sewer    | Noticed Pargi
  1865 | Sewer    | XOM: scenery: summon butterflies
  1868 | Sewer    | Killed Pargi
  1869 | Sewer    | Reached skill level 1 in Spellcasting
  1869 | Sewer    | Reached XP level 6. HP: 35/48 MP: 7/7
  1889 | Sewer    | XOM: cloud trail
  2020 | Sewer    | XOM: give mutations
  2020 | Sewer    | Gained mutation: You have an increased reservoir of magic.
                  | (+10% MP) [Xom's grace]
  2020 | Sewer    | Gained mutation: You are agile. (Dex +4, Str/Int -1) [Xom's
                  | grace]
  2020 | Sewer    | Gained mutation: You are very agile. (Dex +8, Str/Int -2)
                  | [Xom's grace]
  2145 | D:3      | Got the Vademecum on Bombardment
  2350 | D:3      | Found a runed translucent door.
  2353 | D:3      | Noticed Anchor's ghost (weakling DEIE)
  2451 | D:3      | Identified the +2 leather armour of Beogh's Supremacy
                  | {rPois rCorr Int-2}
  2476 | D:3      | XOM: divination: detect items
  2492 | D:3      | XOM: give mutation
  2492 | D:3      | Gained mutation: You are partially covered in iridescent
                  | scales. (AC +2) [Xom's grace]
  2719 | D:3      | Killed Anchor's ghost
  2739 | D:3      | Learned a level 5 spell: Alistair's Intoxication
  2741 | D:3      | Learned a level 1 spell: Apportation
  2743 | D:3      | Learned a level 1 spell: Magic Dart
  2747 | D:3      | Identified 2 scrolls of acquirement
  2804 | D:4      | Reached XP level 7. HP: 46/54 MP: 9/9
  2812 | D:4      | XOM: cast spell 'Animate Armour'
  2899 | D:4      | XOM: blink monster(s)
  2902 | D:4      | XOM: smoke on damage
  2924 | D:4      | XOM: repel stairs
  3057 | D:4      | Reached skill level 1 in Evocations
  3078 | D:4      | Found a staircase to the Ecumenical Temple.
  3086 | Temple   | Entered the Ecumenical Temple
  3182 | D:4      | Found a radiant altar of Vehumet.
  3184 | D:4      | Found a stormy altar of Qazlal.
  3184 | D:4      | Found a shadowy altar of Dithmenos.
  3307 | D:4      | Reached skill level 1 in Alchemy
  3481 | D:4      | Found a runed translucent door.
  3482 | D:4      | Noticed Crazy Yiuf
  3522 | D:4      | XOM: god gift: 19 gold pieces
  3614 | D:4      | XOM: give mutations
  3614 | D:4      | Lost mutation: You passively dampen the noise of your
                  | surroundings. [Xom's mischief]
  3614 | D:4      | Gained mutation: You are frail. (-10% HP) [Xom's mischief]
  3614 | D:4      | Gained mutation: You are dopey. (Int -2) [Xom's mischief]
  3640 | D:4      | Killed Crazy Yiuf
  3677 | D:4      | XOM: summons 4 hostile shadow creatures
  3697 | D:5      | Entered Level 5 of the Dungeon
  3790 | D:5      | Reached XP level 8. HP: 54/54 MP: 11/11
  3802 | D:5      | XOM: 1-stop teleportation journey
  3858 | D:5      | Slain by a gnoll sergeant

Illustrated notes

Levels and vault maps discovered:
D:1:      tarquinn_simple_flora_water_f, layout_loops_ring,
          serial_bayou_crossing
D:2:      layout_loops_ring, hellmonk_ecumenical_altar_pennies_from_heaven,
          minmay_tetromino_t4, uniq_jessica
D:3:      layout_basic, ebering_ghost_inner_flame, cheibrodos_sewer_entry_drain
D:4:      layout_cave_pools, chequers_temple_overflow_statue_of_worship,
          minmay_temple_entry_wispy, uniq_crazy_yiuf_cottage
D:5:      layout_loops_corners, serial_shops, shop
Temple:   nicolae_temple_bog_church

Skill      XL: |  1  2  3  4  5  6  7 |
---------------+----------------------+-----
Dodging        | 1 2 3 |  3.3
Armour         | 2 3 |  3.4
Polearms       | 1 2 |  2.8
Stealth        | 1 2 |  2.1
Spellcasting   | 1 |  1.7
Fighting       | 4 |  4.5
Axes           | 4 |  4.4
Evocations     | 1 |  1.5
Alchemy        | 1 |  1.2
Shapeshifting  | |  0.1

Action                     |  1- 3 |  4- 6 |  7- 9 || total
---------------------------+-------+-------+-------++-------
  Melee: Hand axe          |    67 |    89 |    78 ||   234
         Dagger            |    58 |    84 |    64 ||   206
         Spear             |       |       |    17 ||    17
  Evoke: Wand              |       |       |     9 ||     9
    Use: Potion            |       |     1 |     7 ||     8
         Scroll            |       |     7 |     6 ||    13
   Stab: Sleeping          |     1 |     5 |     3 ||     9
         Petrifying        |       |     1 |       ||     1
         Confused          |       |     1 |     2 ||     3
         Distracted        |       |     1 |       ||     1
         Invisible         |       |       |     7 ||     7
         Held in net/web   |       |       |     1 ||     1
 Armour: Leather armour    |    41 |    48 |    62 ||   151
         Troll leather arm |       |    29 |    24 ||    53
  Dodge: Dodged            |    37 |    57 |    77 ||   171

Table legend: (Time is in decaauts)
 A = Elapsed time spent in this place.
 B = Non-inter-level travel time spent in this place.
 C = Inter-level travel time spent in this place.
 D = Time resting spent in this place.
 E = Time spent auto-exploring this place.
 F = Levels seen in this place.
 G = Mean time per level.
                   A        B        C        D        E       F      G
               +--------+--------+--------+--------+--------+-----+--------+
         Total |   3924 |   3688 |    236 |     72 |   2678 |   7 |  560.6 |
       Dungeon |   3584 |   3348 |    236 |     34 |   2503 |   5 |  716.8 |
        Temple |      1 |      1 |      0 |      0 |      0 |   1 |    1.0 |
         Sewer |    337 |    337 |      0 |     38 |    175 |   1 |  337.0 |
               +--------+--------+--------+--------+--------+-----+--------+

Top non-repeatable levels by time:
     D:3: 1017 daAuts
     D:1: 815 daAuts
     D:2: 793 daAuts
     D:4: 792 daAuts
   Sewer: 337 daAuts
     D:5: 164 daAuts
  Temple: 1 daAuts
